 Dungeon Crawl Stone Soup version 0.17.0-25-gefc9c12 (webtiles) character file.

116 MDvedh the Ruffian (level 5, -1/41 HPs)
             Began as a Ghoul Skald on Nov 18, 2015.
             Killed from afar by an orc wizard (5 damage)
             ... with a puff of flame
             ... on level 3 of the Dungeon.
             The game lasted 00:04:57 (1588 turns).

MDvedh the Ruffian (Ghoul Skald)                    Turns: 1588, Time: 00:04:57

Health: -1/41      AC:  3    Str: 17    XL:     5   Next: 1%
Magic:  5/6        EV: 11    Int:  7    God:
Gold:   102        SH:  0    Dex:  8    Spells: 2 memorised, 4 levels left

rFire  . . .     SeeInvis .       - Unarmed
rCold  + . .     Clarity  .     a - +0 leather armour
rNeg   + + +     SustAt   .     (no shield)
rPois  ∞         Gourm    .     (no helmet)
rElec  .         Spirit   .     (no cloak)
rCorr  .         Warding  .     (no gloves)
rMut   .         Stasis   .     (no boots)
MR     .....                    (no amulet)
Stlth  +.........               (no ring)
                                l - +3 ring of slaying

@: very slightly contaminated, rotting, not resistant to hostile enchantments,
very unstealthy
A: rotting body, claws 1, carnivore 3, cold resistance 1, negative energy
resistance 3, slow regeneration 1, torment resistance, unbreathing
a: no special abilities


You were on level 3 of the Dungeon.
You were not hungry.

You visited 1 branch of the dungeon, and saw 3 of its levels.

You collected 102 gold pieces.

Inventory:

Missiles
 f - a throwing net (quivered)
Armour
 a - a +0 leather armour (worn)
Jewellery
 l - a +3 ring of slaying (left claw)
Wands
 r - a wand of frost (23)
Scrolls
 d - 3 scrolls of immolation {unknown}
 g - 2 scrolls of identify {unknown}
 k - a scroll of enchant armour {unknown}
 m - a scroll of remove curse {unknown}
 n - a scroll of magic mapping {unknown}
 p - a scroll of enchant weapon {unknown}
 q - a scroll of amnesia {unknown}
Potions
 e - 2 potions of flight {unknown}
 h - 2 potions of curing
 j - 2 potions of ambrosia {unknown}
Books
 b - a book of Battle

   Spells                             Type                      Level
   a - Infusion                       Charms                       1
   b - Shroud of Golubria             Charms/Translocation         2
   c - Song of Slaying                Charms                       2
   d - Spectral Weapon                Hexes/Charms                 3
   e - Regeneration                   Charms/Necromancy            3
Comestibles
 c - 2 meat rations
 i - 3 chunks of flesh
 o - a beef jerky
 s - a royal jelly


   Skills:
 - Level 2.1 Fighting
 - Level 0.8 Armour
 - Level 0.8 Dodging
 + Level 5.2 Unarmed Combat
 - Level 1.7 Spellcasting
 - Level 3.0 Charms


You had 4 spell levels left.
You knew the following spells:

 Your Spells              Type           Power        Failure   Level  Hunger
a - Infusion              Chrm           #.....       17%         1    ##.....
b - Song of Slaying       Chrm           #.......     24%         2    ###....


Dungeon Overview and Level Annotations

Branches:
Dungeon (3/15)

Altars:
Xom


Innate Abilities, Weirdness & Mutations

Your body is rotting away.
You thrive on raw meat.
You are immune to poison.
You have sharp fingernails.
You are carnivorous and can eat meat at any time.
Your flesh is cold resistant.
You are immune to negative energy.
You regenerate slowly when monsters are visible.
You are immune to unholy pain and torment.
You can survive without breathing.


Message History

* * * LOW HITPOINT WARNING * * *
Drink which item? (? for menu, Esc to quit)
It was a potion of curing.
You feel better. Something hits you.
Unknown command.
You scratch something. Something hits you.
* * * LOW HITPOINT WARNING * * *
Casting: Infusion
Confirm with . or Enter, or press ? or * to list all spells.
You miscast Infusion.
You are very lightly contaminated with residual magic.
Nothing appears to happen.
You hear some strange, mumbled words.
A magic dart appears from out of thin air!
The magic dart hits you!
* * * LOW HITPOINT WARNING * * *
You barely miss something.
You hear some strange, mumbled words.
A puff of flame appears from out of thin air!
The puff of flame hits you!
You die...

.......................#
...................#####
...................# #
........########...# #
........# #.[.#####
........# #........
#######.# #..###### #.#
#........ #@# #..######
#)# #..######
#o#########.......
########g...........#####
$...................+....
....................#####
###.......########### #
..=.......# ...g......#


You could see an orc and a goblin.

Vanquished Creatures
  Natasha (D:2)
  3 adders
  2 oozes
  2 worms
  2 giant geckos (D:2)
  An orc (D:3)
  10 bats
  A giant cockroach (D:1)
  6 goblins
  5 hobgoblins
  A kobold (D:3)
  2 giant newts
  3 jackals (D:1)
  2 quokkas
  7 rats
48 creatures vanquished.

Notes
Turn   | Place    | Note
--------------------------------------------------------------
     0 | D:1      | MDvedh the Ghoul Skald began the quest for the Orb.
     0 | D:1      | Reached XP level 1. HP: 17/17 MP: 2/2
   166 | D:1      | Reached XP level 2. HP: 18/24 MP: 3/3
   167 | D:1      | Reached skill level 3 in Unarmed Combat
   646 | D:2      | Reached XP level 3. HP: 27/29 MP: 4/4
   698 | D:2      | Learned a level 2 spell: Song of Slaying
   728 | D:2      | Reached skill level 4 in Unarmed Combat
   884 | D:2      | Found a shimmering altar of Xom.
  1153 | D:2      | Reached XP level 4. HP: 27/36 MP: 5/5
  1202 | D:2      | Noticed Natasha
  1214 | D:2      | Killed Natasha
  1359 | D:3      | Reached skill level 5 in Unarmed Combat
  1580 | D:3      | Reached XP level 5. HP: 8/40 MP: 6/6
  1588 | D:3      | Killed from afar by an orc wizard

Action                   |  1- 3 |  4- 6 || total
-------------------------+-------+-------++-------
Melee: Unarmed           |    80 |    54 ||   134
 Cast: Infusion          |     1 |       ||     1
  Use: Potion            |       |     1 ||     1
  Eat: Chunk             |     5 |     4 ||     9
